 Dungeon Sprint DCSS version 0.17-a0-1575-g9a29ec8 (webtiles) character file.

296 nuthulu the Basher (level 9, -7/100 HPs)
             Began as a Troll Berserker on July 26, 2015.
             Was an Elder of Trog.
             Mangled by a redback (17 damage)
             ... summoned by a deep elf summoner
             ... in the Dungeon (Sprint VI: "Thunderdome").
             The game lasted 00:07:08 (924 turns).

nuthulu the Basher (Troll Berserker)                 Turns: 924, Time: 00:07:08

Health: -7/100     AC:  6    Str: 27    XL:     9   Next: 62%
Magic:  17/17      EV: 18    Int: 10    God:    Trog [****..]
Gold:   9          SH:  0    Dex: 17    Spells: 0 memorised, 8 levels left

rFire  + . .     SeeInvis +     n - +0 giant spiked club (crush)
rCold  . . .     Clarity  .     a - +1 robe {MR+}
rNeg   + + .     SustAt   .     (no shield)
rPois  .         Gourm    +     (helmet restricted)
rElec  +         Spirit   .     (no cloak)
rCorr  .         Warding  .     (gloves unavailable)
rMut   .         NoTele   +     (boots unavailable)
MR     +....                    q - amulet of Omirakeh {Gourm +Blink rN+ Dex+2}
Stlth  +++.......               p - ring of the Tortoise {rElec EV+1 Dex+3 Stlth+}
                                o - ring of Nonkiq {rF+ rN+ MP+9 Int+7 SInv}

@: very slightly contaminated, hasted, drained, very quick, somewhat resistant
to hostile enchantments, fairly stealthy
A: unfitting armour, claws 3, fast metabolism 3, gourmand, regeneration 2,
shaggy fur 1, tough skin 2
a: Burn Spellbooks, Berserk, Trog's Hand, Brothers in Arms, Renounce Religion,
Evoke Blink
}: 1/15 runes: serpentine


You were in the Dungeon.
You worshipped Trog.
Trog was greatly pleased with you.
You were not hungry.

You visited 1 branch You collected 590 gold pieces.
You spent 581 gold pieces at shops.

Inventory:

Hand weapons
 n - a +0 giant spiked club of crushing (weapon)
Armour
 a - a +1 robe of magic resistance (worn)
 b - a +0 animal skin
Rods
 d - a +3 rod of clouds (11/11)
   (You found it in the Dungeon)
Jewellery
 o - the ring of Nonkiq (left claw) {rF+ rN+ MP+9 Int+7 SInv}
   (You bought it in a shop in the Dungeon)

   [ring of protection from fire]

   It affects your intelligence (+7).
   It protects you from fire.
   It protects you from negative energy.
   It affects your magic capacity (+9).
   It lets you see invisible.
 p - the ring of the Tortoise (right claw) {rElec EV+1 Dex+3 Stlth+}
   (You bought it in a shop in the Dungeon)

   [ring of evasion]

   It affects your evasion (+1).
   It affects your dexterity (+3).
   It insulates you from electricity.
   It makes you more stealthy.
 q - the amulet of Omirakeh (around neck) {Gourm +Blink rN+ Dex+2}
   (You bought it in a shop in the Dungeon)

   [amulet of the gourmand]

   It allows you to eat raw meat even when not hungry.
   It affects your dexterity (+2).
   It protects you from negative energy.
   It lets you blink.
Magical devices
 j - a wand of cold (2)
 k - a wand of fire (5)
Scrolls
 i - 3 scrolls of blinking
 l - 3 scrolls of fog
Potions
 e - 2 potions of heal wounds
 f - 2 potions of haste
 g - 2 potions of magic
 h - a potion of berserk rage
 m - a potion of resistance
 r - 4 potions of curing
Comestibles
 c - 2 bread rations


   Skills:
 + Level 9.4(9.2) Fighting
 + Level 11.2(10.9) Maces & Flails
 + Level 5.7(5.5) Armour
 + Level 10.3(10.1) Dodging


You had 8 spell levels left.
You didn't know any spells.

Dungeon Overview and Level Annotations

Branches:
Dungeon (1/1)

Altars:
Cheibriados
Dithmenos
Fedhas
Gozag
Kikubaaqudgha
Makhleb
Okawaru
Qazlal
Ru
Sif Muna
Trog
Vehumet
Xom
Yredelemnul
Zin
The Shining One
Jiyva
Lugonu

Shops:
D *[%??*?*:[((!!!!


Innate Abilities, Weirdness & Mutations

You are too large for most types of armour.
You have claws for hands.
Your metabolism is lightning-fast.
You like to eat raw meat.
You heal very quickly.
You are covered in fur (AC +1).
You have very tough skin (AC +2).


Message History

2 stones; a whip The redback misses you.
Drink which item? (? for menu, Esc to quit)
You feel yourself speed up. The deep elf knight closely misses you.
The redback misses you.
The hell rat twitches its whiskers.
The deep elf knight completely misses you.
The redback barely misses you.
Unknown command.
Drink which item? (? for menu, Esc to quit)
Okay, then.
Use which ability? (? or * to list)
You fail to use your ability.
The deep elf knight barely misses you. The redback bites you!
* * * LOW HITPOINT WARNING * * *
Unknown command.
Use which ability? (? or * to list)
Your ogre goes berserk!
You feel somewhat more hungry. The redback bites you!
You die...

#_........# ###.........###
#⌠...........⌠#
#####.8e........8.######
∩___.....(###......___∩##
........8(# #.8e((.....∩###
[....e....###.(.r....(....##
.[.....###..)###se[.......⌠#
.......# #.<.# #@.O.......⌠#
...)...###e.)###..........⌠#
.........e###.............##
........8.# #.8........∩###
∩__e.....s###......._.∩##
#####.8.rr......8.######
#⌠)(..[......⌠#
###r).......### #_..(.e.)_#


You could see a deep elf knight, a deep elf priest, a redback, a hell rat and a
friendly ogre (berserk).

Vanquished Creatures
  A deep elf summoner (D)
  Sigmund (D)
  An orc warrior (D)
  7 vampire bats (D)
  2 orc wizards (D)
  2 worms (D)
  4 orcs (D)
  5 kobolds (D)
  A goblin (D)
24 creatures vanquished.

Vanquished Creatures (collateral kills)
  Aizul (D)
  A black mamba (D)
  A naga mage (D)
3 creatures vanquished.

Grand Total: 27 creatures vanquished

Notes
Turn   | Place    | Note
--------------------------------------------------------------
     0 | D        | nuthulu the Troll Berserker began the quest for the Orb.
     0 | D        | Reached XP level 1. HP: 22/22 MP: 0/0
     1 | D        | Found a corrupted altar of Lugonu.
     2 | D        | Found an ancient bone altar of Kikubaaqudgha.
     2 | D        | Found a glowing golden altar of the Shining One.
     4 | D        | Found a sacrificial altar of Ru.
     4 | D        | Found a snail-covered altar of Cheibriados.
     4 | D        | Found Udilev's Weapon Rack.
     4 | D        | Found Oseemia's Premium Goods.
     5 | D        | Found Loageloc's Basic Armour.
     5 | D        | Found Noes's Miscellaneous Merchandise.
     5 | D        | Round 1.
    12 | D        | Bought a +0 giant spiked club for 57 gold pieces
    21 | D        | Found Finguxt's Do-It-Yourself Clinic.
    22 | D        | Found Bofeq's Bottled Wisdom.
    22 | D        | Found Eruf Vol's Distillery.
    23 | D        | Found a stormy altar of Qazlal.
    23 | D        | Found a bloodstained altar of Trog.
    23 | D        | Found a deep blue altar of Sif Muna.
    23 | D        | Found Roonuew's Distillery.
    35 | D        | Bought 3 potions of heal wounds for 105 gold pieces
    40 | D        | Found a burning altar of Makhleb.
    41 | D        | Found a basalt altar of Yredelemnul.
    42 | D        | Found an opulent altar of Gozag.
    42 | D        | Found a glowing silver altar of Zin.
    42 | D        | Found Ceumnat's Staff Store.
    42 | D        | Found Bomeytar's Magic Scroll Shop.
    43 | D        | Found Leim's Must-Have Magic.
    43 | D        | Found Safes's Magic Scroll Shop.
    46 | D        | Found an iron altar of Okawaru.
    47 | D        | Found a radiant altar of Vehumet.
    48 | D        | Found a shadowy altar of Dithmenos.
    49 | D        | Found Coismey's Bee Food.
    50 | D        | Found Socemun's Jewellery.
    50 | D        | Found Ofuruddi's Advanced Armour.
    50 | D        | Found a blossoming altar of Fedhas.
    50 | D        | Found a viscous altar of Jiyva.
    50 | D        | Found a shimmering altar of Xom.
    50 | D        | Found Unian's Identification Station.
    56 | D        | Reached skill level 3 in Maces & Flails
    66 | D        | Acquired Trog's second power
    71 | D        | Reached XP level 2. HP: 26/31 MP: 1/1
   126 | D        | Noticed Sigmund
   131 | D        | Killed Sigmund
   131 | D        | Arena points: 12 (+12) [x2]
   131 | D        | Reached skill level 5 in Fighting
   131 | D        | Reached skill level 6 in Maces & Flails
   131 | D        | Reached skill level 5 in Dodging
   131 | D        | Reached XP level 3. HP: 38/42 MP: 2/2
   131 | D        | Reached XP level 4. HP: 45/50 MP: 3/3
   131 | D        | Reached XP level 5. HP: 52/58 MP: 4/4
   182 | D        | Round 2.
   184 | D        | Bought a scorched bronze ring for 45 gold pieces
   184 | D        | Identified the ring of Nonkiq {rF+ rN+ MP+9 Int+7 SInv} (You bought it in a shop in the Dungeon)
   227 | D        | Noticed an orc warrior
   234 | D        | Killed an orc warrior
   234 | D        | Reached skill level 7 in Maces & Flails
   234 | D        | Reached XP level 6. HP: 60/68 MP: 5/5
   237 | D        | Acquired Trog's third power
   264 | D        | Arena points: 54 (+42) [x3]
   270 | D        | Bought a pitted steel ring for 45 gold pieces
   270 | D        | Identified the ring of the Tortoise {rElec EV+1 Dex+3 Stlth+} (You bought it in a shop in the Dungeon)
   314 | D        | Round 3.
   425 | D        | Received a gift from Trog
   463 | D        | Arena points: 72 (+18) [x1]
   478 | D        | Round 4.
   485 | D        | Bought a faintly glowing ruby amulet for 45 gold pieces
   485 | D        | Identified the amulet of Omirakeh {Gourm +Blink rN+ Dex+2} (You bought it in a shop in the Dungeon)
   545 | D        | Reached skill level 8 in Maces & Flails
   564 | D        | Reached skill level 1 in Armour
   572 | D        | Reached XP level 7. HP: 78/78 MP: 6/6
   617 | D        | Arena points: 136 (+64) [x2]
   662 | D        | Round 5.
   681 | D        | Noticed a black mamba
   684 | D        | Noticed a naga mage
   689 | D        | Killed a black mamba
   689 | D        | Reached skill level 9 in Maces & Flails
   694 | D        | Killed a naga mage
   694 | D        | Reached XP level 8. HP: 51/89 MP: 7/7
   713 | D        | Noticed Aizul
   715 | D        | Noticed a black mamba
   719 | D        | Killed Aizul
   719 | D        | Arena points: 296 (+160) [x4]
   720 | D        | Got a serpentine rune of Zot
   721 | D        | Reached skill level 10 in Maces & Flails
   721 | D        | Reached XP level 9. HP: 40/98 MP: 8/8
   729 | D        | Bought a scroll of brand weapon for 200 gold pieces
   808 | D        | Bought 4 potions of curing for 84 gold pieces
   890 | D        | Round 6.
   891 | D        | Noticed a deep elf summoner
   891 | D        | Noticed a deep elf summoner
   895 | D        | Noticed a demonic crawler
   898 | D        | Killed a deep elf summoner
   898 | D        | Reached skill level 11 in Maces & Flails
   898 | D        | Reached skill level 5 in Armour
   898 | D        | Reached skill level 10 in Dodging
   900 | D        | Noticed a demonic crawler
   905 | D        | HP: 4/100 [demonic crawler[a deep elf summoner] (10)]
   908 | D        | Noticed a deep elf knight
   918 | D        | Noticed a demonic crawler
   924 | D        | Mangled by a redback

Vault maps used:
D:        arena_sprint

Action                   |  1- 3 |  4- 6 |  7- 9 || total
-------------------------+-------+-------+-------++-------
Melee: Giant spiked club |     8 |    50 |    19 ||    77
Invok: Berserk           |     1 |       |       ||     1
       Brothers in Arms  |       |       |     3 ||     3
Evoke: Wand              |       |       |     3 ||     3
  Use: Potion            |       |     2 |     7 ||     9
       Scroll            |       |       |     2 ||     2
  Eat: Chunk             |     4 |     4 |       ||     8
